 Dungeon Crawl Stone Soup version 0.23-a0-398-g8eab93f (webtiles) character file.

297 RonnieColeman the Conjurer (level 6, -13/36 HPs)
             Began as an Octopode Conjurer on Nov 3, 2018.
             Was a Follower of Kikubaaqudgha.
             Mangled by a mummy (20 damage)
             ... in an ossuary.
             The game lasted 00:12:08 (3863 turns).

RonnieColeman the Conjurer (Octopode Conjurer)      Turns: 3863, Time: 00:12:10

Health: -13/36     AC:  1    Str:  7    XL:     6   Next: 35%
Magic:  1/13       EV: 13    Int: 20    God:    Kikubaaqudgha [*.....]
Gold:   137        SH:  0    Dex: 12    Spells: 10/15 levels left

rFire    . . .     SeeInvis .   q - +3 hand axe
rCold    . . .     Gourm    .   (no shield)
rNeg     . . .     Faith    .   (helmet restricted)
rPois    .         Spirit   .   (no amulet)
rElec    .         Reflect  .   (no ring)
rCorr    .         Harm     .   (no ring)
MR       .....                  (no ring)
Stlth    +++.......             (no ring)
HPRegen  0.12/turn              (no ring)
MPRegen  0.13/turn              (no ring)
                                (no ring)
                                (no ring)

@: no status effects
A: almost no armour, stealthy swim, amphibious, 8 rings, constrict 8, camouflage
1, gelatinous body 1
a: Receive Corpses, Renounce Religion


You were in an ossuary.
You worshipped Kikubaaqudgha.
Kikubaaqudgha was aware of your devotion.
You were not hungry.

You visited 1 branch of the dungeon, and saw 4 of its levels.
You also visited: Ossuary.

You collected 137 gold pieces.

Inventory:

Hand Weapons
 a - a +0 short sword
 q - a +3 hand axe (weapon)
Armour
 e - a +1 buckler
Scrolls
 d - a scroll of fog {unknown}
 f - 2 scrolls of enchant weapon {unknown}
 g - 2 scrolls of enchant armour
 i - a scroll of teleportation {unknown}
 j - 2 scrolls of identify
 k - a scroll of blinking {unknown}
 o - a scroll of fear {unknown}
Potions
 c - 3 potions of invisibility {unknown}
 h - 3 potions of flight {unknown}
 l - a potion of haste {unknown}
 m - a potion of heal wounds {unknown}
 n - a potion of degeneration {unknown}
 p - a potion of resistance {unknown}
Comestibles
 b - 7 rations


   Skills:
 - Level 2.0 Dodging
 - Level 2.6 Stealth
 * Level 5.0 Spellcasting
 + Level 5.3 Conjurations


You had 10 spell levels left.
You knew the following spells:

 Your Spells              Type           Power        Failure   Level  Hunger
a - Magic Dart            Conj           ####         1%          1    None
c - Iskenderun's Mystic   Conj           ####....     13%         4    ####...

Your spell library contained the following spells:

 Spells                   Type           Power        Failure   Level  Hunger
 Searing Ray              Conj           ####..       1%          2    None
 Confusing Touch          Hex            #.....       12%         1    None
 Dazzling Spray           Conj/Hex       ###...       12%         3    ##.....
 Confuse                  Hex            #.......     34%         3    ##.....
 Gell's Gravitas          Tloc           #.........   34%         3    ##.....
 Force Lance              Conj/Tloc      ###.....     36%         4    ####...
 Fulminant Prism          Conj/Hex       ###.......   36%         4    ####...
 Petrify                  Tmut/Erth      #.......     75%         4    ####...
 Metabolic Englaciation   Hex/Ice        #.........   97%         5    #####..
 Yara's Violent Unravell  Hex/Tmut       #.........   97%         5    #####..


Dungeon Overview and Level Annotations

Branches:
Dungeon (4/15)
 Temple: D:4-7

Altars:
Cheibriados
Dithmenos
Elyvilon
Hepliaklqana
Kikubaaqudgha
Makhleb
Trog
Wu Jian
Xom

Annotations:
D:4 Grinder


Innate Abilities, Weirdness & Mutations

You cannot wear most types of armour.
You are very stealthy in the water. (Stealth+)
You are amphibious.
You can wear up to eight rings at the same time.
You can use your tentacles to constrict eight enemies at once.
Your skin changes colour to match your surroundings (Stealth+).
Your rubbery body absorbs attacks. (AC +1, EV +1)


Message History

Aiming: Magic Dart (safe; 1% risk of failure)
Press: ? - help, Shift-Dir - straight line, f/p - mummy
Aim: a mummy (heavily damaged)
The magic dart hits the mummy.
The mummy is heavily damaged.
Casting: Magic Dart (safe; 1% risk of failure)
Confirm with . or Enter, or press ? or * to list all spells.
You don't have enough magic to cast that spell.
Unknown command.
You hit the mummy but do no damage. You grab the mummy. You squeeze the mummy.
The mummy is severely damaged.
You constrict the mummy. The mummy hits you!
* * * LOW HITPOINT WARNING * * *
You hit the mummy.
The mummy is almost destroyed.
You constrict the mummy, but do no damage.
The mummy hits you!!
Ouch! That really hurt!
You die...
Kikubaaqudgha rasps: "You have failed me!
Welcome... death!"

#####
##...##
#.....#
##.....##
#.......#
#...M...#
#...@...#
#..^....#
#...∩...#
#.......#
#.......#
##.....##
+.....+
#.....#


You could see a mummy.

Vanquished Creatures
  2 orc wizards (D:3)
  2 orc priests
  A worker ant (D:3)
  2 mummies (Ossuary)
  5 adders
  A dart slug (D:1)
  2 leopard geckos
  8 orcs
  7 bats
  5 giant cockroaches
  9 goblins
  9 hobgoblins
  5 jackals (D:3)
  9 kobolds
  2 ball pythons (D:3)
  3 frilled lizards
  2 quokka skeletons (D:4)
  9 rats
83 creatures vanquished.

Notes
Turn   | Place    | Note
-------+----------+-------------------------------------------
     0 | D:1      | RonnieColeman the Octopode Conjurer began the quest for the
                  | Orb.
     0 | D:1      | Reached XP level 1. HP: 11/11 MP: 3/3
    56 | D:1      | Reached XP level 2. HP: 13/17 MP: 5/5
   495 | D:1      | Reached XP level 3. HP: 17/21 MP: 1/7
  1091 | D:2      | Reached XP level 4. HP: 27/27 MP: 2/9
  1178 | D:2      | Found an ornate altar of the Wu Jian Council.
  1183 | D:2      | Found an ancient bone altar of Kikubaaqudgha.
  1183 | D:2      | Found a burning altar of Makhleb.
  1268 | D:2      | Found a shadowy altar of Dithmenos.
  1270 | D:2      | Found a snail-covered altar of Cheibriados.
  1320 | D:2      | Found a hazy altar of Hepliaklqana.
  1473 | D:2      | Became a worshipper of Kikubaaqudgha
  1782 | D:2      | Found a white marble altar of Elyvilon.
  2488 | D:3      | Reached XP level 5. HP: 31/31 MP: 8/11
  2548 | D:3      | Reached skill level 5 in Conjurations
  2569 | D:3      | Found a shimmering altar of Xom.
  2569 | D:3      | Found a shimmering altar of Xom.
  2570 | D:3      | Found a shimmering altar of Xom.
  2570 | D:3      | Found a shimmering altar of Xom.
  2570 | D:3      | Found a shimmering altar of Xom.
  2571 | D:3      | Found a shimmering altar of Xom.
  2572 | D:3      | Found a shimmering altar of Xom.
  2911 | D:3      | Learned a level 4 spell: Iskenderun's Mystic Blast
  3137 | D:3      | Found a bloodstained altar of Trog.
  3451 | D:4      | Noticed Grinder
  3452 | D:4      | Noticed a phantom
  3463 | D:3      | Reached XP level 6. HP: 8/36 MP: 4/13
  3801 | D:4      | Reached * piety under Kikubaaqudgha
  3801 | D:4      | Identified Kikubaaqudgha's Papyrus of Dark Rituals
                  | (Kikubaaqudgha gifted it to you on level 4 of the Dungeon)
  3801 | D:4      | Received a gift from Kikubaaqudgha
  3803 | D:4      | Reached skill level 5 in Spellcasting
  3824 | D:4      | Found a sand-covered staircase.
  3847 | Ossuary  | Entered an ossuary
  3863 | Ossuary  | Mangled by a mummy

Vault maps used:
D:1:      dpeg_arrival_morbid_curiosity
D:2:      nicolae_overflow_hidden_temple, minitemple, elyvilon_altar_3
D:3:      marbit_many_paths, minmay_crystal_water, xom_redecorated
D:4:      lemuel_castle_with_subvaults, eat_drink_and_be_merry_uskayaw,
          kennysheep_mini, enter_ossuary_5, first_ration, lightli_minifort,
          uniq_grinder
Ossuary:  ossuary_the_hunt_dpeg

Skill      XL: |  1  2  3  4  5  6 |
---------------+-------------------+-----
Spellcasting   | 3 4 5 |  5.0
Conjurations   | 5 |  5.3
Dodging        | |  2.0
Stealth        | |  2.6

Action                   |  1- 3 |  4- 6 || total
-------------------------+-------+-------++-------
Melee: Dagger            |    48 |     8 ||    56
       Unarmed           |     3 |       ||     3
       Constrict         |    11 |    18 ||    29
       Tentacles         |     6 |    14 ||    20
       Short sword       |       |    44 ||    44
       Hand axe          |       |     7 ||     7
 Cast: Magic Dart        |    43 |    87 ||   130
       Iskenderun's Myst |       |     4 ||     4
  Use: Scroll            |     1 |     2 ||     3
 Stab: Sleeping          |     3 |     1 ||     4
  Eat: Chunk             |     1 |     9 ||    10
Armor: Skin              |     8 |     5 ||    13
Dodge: Dodged            |    44 |    75 ||   119

Table legend:
 A = Non-vault XP
 B = Vault XP
 C = Vault XP percentage of total XP
 D = Non-vault monster count
 E = Vault monster count
 F = Vault count percentage of total count
                 A         B        C        D         E       F
            +---------+---------+-------+---------+---------+-------
      Total |     377 |      48 |  11.3 |      75 |       8 |   9.6
            +---------+---------+-------+---------+---------+-------
        D:1 |      41 |      10 |  19.6 |      24 |       5 |  17.2
        D:2 |      77 |       0 |   0.0 |      20 |       0 |   0.0
        D:3 |     199 |       2 |   1.0 |      26 |       1 |   3.7
        D:4 |      60 |       0 |   0.0 |       5 |       0 |   0.0
    Ossuary |       0 |      36 | 100.0 |       0 |       2 | 100.0
            +---------+---------+-------+---------+---------+-------
